APL (24 & UNDER)
STATE COLLEGE SPIKES @ ATHENS ASSASSINS
09/19/2027
 
TOP OF THE 1ST
State College Spikes batting - Pitching for Athens Assassins : LHP Ben Newman
Pitching: LHP Ben Newman
Batting: RHB Luis Quezada 0-0: Fly out, F7 (Flyball, 7S)
Batting: RHB Piotr Zahn 0-0: SINGLE (Flyball, 6MD)
Batting: RHB Tony Parker 0-0: Grounds into double play, 6-4-3 (Groundball, 6)
Top of the 1st over - 0 run(s), 1 hit(s), 0 error(s), 0 left on base; State College 0 - Athens 0
BOTTOM OF THE 1ST
Athens Assassins batting - Pitching for State College Spikes : RHP Germán Hernández
Pitching: RHP Germán Hernández
Batting: LHB Miguel García 0-0: Ground out 4-3 (Groundball, 4)
Batting: RHB Xavier Silva 0-0: Called Strike
0-1: Ball
1-1: Ball
2-1: Ball
3-1: Base on Balls
Batting: LHB José Martínez 0-0: Called Strike
0-1: Ball
Wild Pitch!
Xavier Silva to second
1-1: Ball
2-1: Swinging Strike
2-2: Strikes out swinging
Batting: RHB Foster Hapgood 0-0: Called Strike
0-1: Ground out 4-3 (Groundball, 4)
Bottom of the 1st over - 0 run(s), 0 hit(s), 0 error(s), 1 left on base; State College 0 - Athens 0
TOP OF THE 2ND
State College Spikes batting - Pitching for Athens Assassins : LHP Ben Newman
Batting: SHB Thomas Simmons 0-0: Ball
1-0: Swinging Strike
1-1: Foul Ball, location: 2F
1-2: Ball
2-2: Foul Ball, location: 2F
2-2: Strikes out swinging
Batting: RHB Pedro Echevarría 0-0: Ball
1-0: Called Strike
1-1: Foul Ball, location: 2F
1-2: Foul Ball, location: 2F
1-2: Ball
2-2: Ground out 4-3 (Groundball, 4)
Batting: LHB Phil Neal 0-0: Ball
1-0: Fly out, F8 (Flyball, 8RD)
Top of the 2nd over - 0 run(s), 0 hit(s), 0 error(s), 0 left on base; State College 0 - Athens 0
BOTTOM OF THE 2ND
Athens Assassins batting - Pitching for State College Spikes : RHP Germán Hernández
Batting: RHB Don Martin 0-0: Ball
1-0: Ground out 5-3 (Groundball, 56)
Batting: RHB Júlio Castillo 0-0: Ball
1-0: Foul Ball, location: 2F
1-1: Called Strike
1-2: Foul Ball, location: 2F
1-2: Foul Ball, location: 2F
1-2: Foul Ball, location: 2F
1-2: SINGLE (Groundball, 6MD)
Batting: LHB Jeff Thompson 0-0: Ball
1-0: Ball
2-0: Called Strike
2-1: Foul Ball, location: 2F
2-2: Foul Ball, location: 2F
2-2: Strikes out swinging
Batting: RHB Maximino Abbado 0-0: Called Strike
0-1: Ball
1-1: Foul Ball, location: 2F
1-2: Foul Ball, location: 2F
1-2: Strikes out swinging
Bottom of the 2nd over - 0 run(s), 1 hit(s), 0 error(s), 1 left on base; State College 0 - Athens 0
TOP OF THE 3RD
State College Spikes batting - Pitching for Athens Assassins : LHP Ben Newman
Batting: RHB Joaquín Vásquez 0-0: Foul Ball, location: 2F
0-1: SOLO HOME RUN (Flyball, 7D), Distance : 370 ft
Batting: LHB Wally Harris 0-0: Fly out, F7 (Flyball, 78M)
Batting: LHB Burt Ward 0-0: Called Strike
0-1: Foul Ball, location: 2F
0-2: Foul Ball, location: 2F
0-2: Ball
1-2: Ball
2-2: Strikes out swinging
Batting: RHB Luis Quezada 0-0: Ground out U3 (Groundball, 3)
Top of the 3rd over - 1 run(s), 1 hit(s), 0 error(s), 0 left on base; State College 1 - Athens 0
BOTTOM OF THE 3RD
Athens Assassins batting - Pitching for State College Spikes : RHP Germán Hernández
Batting: RHB Alfonso Flores 0-0: Called Strike
0-1: Foul Ball, location: 2F
0-2: Ball
1-2: Ground out 5-3 (Groundball, 56)
Batting: LHB Miguel García 0-0: Called Strike
0-1: Ground out 4-3 (Groundball, 4)
Batting: RHB Xavier Silva 0-0: Foul Ball, location: 2F
0-1: Called Strike
0-2: Ball
1-2: Ball
2-2: Strikes out swinging
Bottom of the 3rd over - 0 run(s), 0 hit(s), 0 error(s), 0 left on base; State College 1 - Athens 0
TOP OF THE 4TH
State College Spikes batting - Pitching for Athens Assassins : LHP Ben Newman
Batting: RHB Piotr Zahn 0-0: Ball
1-0: Ball
2-0: Ball
3-0: Hit by Pitch
Batting: RHB Tony Parker 0-0: Ball
1-0: Ball
2-0: Called Strike
2-1: Foul Ball, location: 2F
2-2: 2-RUN HOME RUN (Line Drive, 78XD), Distance : 395 ft
Batting: SHB Thomas Simmons 0-0: Swinging Strike
0-1: Ball
1-1: Called Strike
1-2: Strikes out swinging
Batting: RHB Pedro Echevarría 0-0: Foul Ball, location: 2F
0-1: Ground out 5-3 (Groundball, 56)
Batting: LHB Phil Neal 0-0: Called Strike
0-1: Ball
1-1: Ball
2-1: Called Strike
2-2: Foul Ball, location: 2F
2-2: Foul Ball, location: 2F
2-2: Ground out U3 (Groundball, 34)
Top of the 4th over - 2 run(s), 1 hit(s), 0 error(s), 0 left on base; State College 3 - Athens 0
BOTTOM OF THE 4TH
Athens Assassins batting - Pitching for State College Spikes : RHP Germán Hernández
Batting: LHB José Martínez 0-0: Called Strike
0-1: Ground out 5-3 (Groundball, 56S)
Batting: RHB Foster Hapgood 0-0: Foul Ball, location: 2F
0-1: Called Strike
0-2: Ball
1-2: Strikes out swinging
Batting: RHB Don Martin 0-0: SINGLE (Groundball, 6MD)
Batting: RHB Júlio Castillo 0-0: Swinging Strike
0-1: Fielders Choice at 2nd, 4-6 (Groundball, 4)
Bottom of the 4th over - 0 run(s), 1 hit(s), 0 error(s), 0 left on base; State College 3 - Athens 0
TOP OF THE 5TH
State College Spikes batting - Pitching for Athens Assassins : LHP Ben Newman
Batting: RHB Joaquín Vásquez 0-0: Called Strike
0-1: Swinging Strike
0-2: Strikes out looking
Batting: LHB Wally Harris 0-0: Ball
1-0: Foul Ball, location: 2F
1-1: Ball
2-1: Fly out, F7 (Flyball, 7)
Batting: LHB Burt Ward 0-0: Ball
1-0: Swinging Strike
1-1: Called Strike
1-2: Strikes out swinging
Top of the 5th over - 0 run(s), 0 hit(s), 0 error(s), 0 left on base; State College 3 - Athens 0
BOTTOM OF THE 5TH
Athens Assassins batting - Pitching for State College Spikes : RHP Germán Hernández
Batting: LHB Jeff Thompson 0-0: Fly out, F8 (Flyball, 8LS)
Batting: RHB Maximino Abbado 0-0: Ball
1-0: Fly out, F9 (Flyball, 9LSF)
Batting: RHB Alfonso Flores 0-0: Foul Ball, location: 2F
0-1: Ground out 4-3 (Groundball, 4)
Bottom of the 5th over - 0 run(s), 0 hit(s), 0 error(s), 0 left on base; State College 3 - Athens 0
TOP OF THE 6TH
State College Spikes batting - Pitching for Athens Assassins : LHP Ben Newman
Batting: RHB Luis Quezada 0-0: Called Strike
0-1: Foul Ball, location: 2F
0-2: Ball
1-2: Ball
2-2: Ball
3-2: Fly out, F8 (Flyball, 8RD)
Batting: RHB Piotr Zahn 0-0: Ball
1-0: Ball
2-0: Called Strike
2-1: Foul Ball, location: 2F
2-2: Ball
3-2: Foul Ball, location: 2F
3-2: Fly out, F6 (Flyball, 6MD)
Batting: RHB Tony Parker 0-0: Called Strike
0-1: Foul Ball, location: 2F
0-2: Foul Ball, location: 2F
0-2: Ball
1-2: Ball
2-2: Fly out, F3 (Line Drive, 3S)
Top of the 6th over - 0 run(s), 0 hit(s), 0 error(s), 0 left on base; State College 3 - Athens 0
BOTTOM OF THE 6TH
Athens Assassins batting - Pitching for State College Spikes : RHP Germán Hernández
Batting: LHB Miguel García 0-0: Ball
1-0: Swinging Strike
1-1: Foul Ball, location: 2F
1-2: Ball
2-2: Strikes out looking
Batting: RHB Xavier Silva 0-0: Foul Ball, location: 2F
0-1: Foul Ball, location: 2F
0-2: Reached on error, E5 (Groundball, 56S)
Batting: LHB José Martínez 0-0: Ball
1-0: Called Strike
1-1: Ball
2-1: Swinging Strike
2-2: Ball
3-2: Foul Ball, location: 2F
3-2: Foul Ball, location: 2F
3-2: Foul Ball, location: 2F
3-2: Foul Ball, location: 2F
3-2: Base on Balls
Batting: RHB Foster Hapgood 0-0: Ball
1-0: Ball
2-0: Swinging Strike
2-1: Foul Ball, location: 2F
2-2: Foul Ball, location: 2F
2-2: Grounds into double play, 5-4-3 (Groundball, 56)
Bottom of the 6th over - 0 run(s), 0 hit(s), 1 error(s), 1 left on base; State College 3 - Athens 0
TOP OF THE 7TH
State College Spikes batting - Pitching for Athens Assassins : LHP Ben Newman
Batting: SHB Thomas Simmons 0-0: Called Strike
0-1: Ball
1-1: Foul Ball, location: 2F
1-2: Ground out 4-3 (Groundball, 4)
Batting: RHB Pedro Echevarría 0-0: Ball
1-0: Called Strike
1-1: Swinging Strike
1-2: Strikes out swinging
Batting: LHB Phil Neal 0-0: Ball
1-0: Foul Ball, location: 2F
1-1: Swinging Strike
1-2: Ground out 4-3 (Groundball, 4S)
Top of the 7th over - 0 run(s), 0 hit(s), 0 error(s), 0 left on base; State College 3 - Athens 0
BOTTOM OF THE 7TH
Athens Assassins batting - Pitching for State College Spikes : RHP Germán Hernández
Batting: RHB Don Martin 0-0: Ball
1-0: Called Strike
1-1: Ball
2-1: Foul Ball, location: 2F
2-2: SINGLE (Flyball, 9LS)
Pitching: RHP Javier Molina
Batting: RHB Júlio Castillo 0-0: Foul Ball, location: 2F
0-1: Foul Ball, location: 2F
0-2: Strikes out swinging
Batting: LHB Jeff Thompson 0-0: Ball
1-0: Ball
2-0: Foul Ball, location: 2F
2-1: Foul Ball, location: 2F
2-2: Strikes out swinging
Batting: RHB Maximino Abbado 0-0: Called Strike
0-1: Hit by Pitch
Don Martin to second
Batting: RHB Alfonso Flores 0-0: Ball
1-0: SINGLE (Groundball, 6D)
Don Martin to third
Maximino Abbado to second
Pinch Hitting: LHB Xavier Smith 0-0: Ball
1-0: Ball
2-0: Fly out, F4 (Popup, 4D)
Bottom of the 7th over - 0 run(s), 2 hit(s), 0 error(s), 3 left on base; State College 3 - Athens 0
TOP OF THE 8TH
State College Spikes batting - Pitching for Athens Assassins : LHP Ben Newman
Pitching: RHP Kieron Lahyani
Now at 2B: John Jones
Batting: RHB Joaquín Vásquez 0-0: Foul Ball, location: 2F
0-1: Hit by Pitch
Batting: LHB Wally Harris 0-0: Sac Bunt - play at first, batter OUT! 5-3
Joaquín Vásquez to second
Batting: LHB Burt Ward 0-0: Fly out, F7 (Flyball, 7LM)
Batting: RHB Luis Quezada 0-0: Swinging Strike
0-1: Foul Ball, location: 2F
0-2: Ball
1-2: Ball
Wild Pitch!
Joaquín Vásquez to third
2-2: Ground out 4-3 (Groundball, 34)
Top of the 8th over - 0 run(s), 0 hit(s), 0 error(s), 1 left on base; State College 3 - Athens 0
BOTTOM OF THE 8TH
Athens Assassins batting - Pitching for State College Spikes : RHP Javier Molina
Batting: RHB Xavier Silva 0-0: Ball
1-0: Called Strike
1-1: Ball
2-1: Foul Ball, location: 2F
2-2: Strikes out swinging
Batting: LHB José Martínez 0-0: Foul Ball, location: 2F
0-1: Swinging Strike
0-2: Foul Ball, location: 2F
0-2: Strikes out swinging
Batting: RHB Foster Hapgood 0-0: Called Strike
0-1: Ball
1-1: Ball
2-1: Foul Ball, location: 2F
2-2: Strikes out swinging
Bottom of the 8th over - 0 run(s), 0 hit(s), 0 error(s), 0 left on base; State College 3 - Athens 0
TOP OF THE 9TH
State College Spikes batting - Pitching for Athens Assassins : RHP Kieron Lahyani
Batting: RHB Piotr Zahn 0-0: Ball
1-0: Ball
2-0: Ground out 5-3 (Groundball, 56)
Batting: RHB Tony Parker 0-0: Ball
1-0: Swinging Strike
1-1: Foul Ball, location: 2F
1-2: Foul Ball, location: 2F
1-2: Foul Ball, location: 2F
1-2: Strikes out looking
Batting: SHB Thomas Simmons 0-0: Fly out, F7 (Flyball, 78M)
Top of the 9th over - 0 run(s), 0 hit(s), 0 error(s), 0 left on base; State College 3 - Athens 0
BOTTOM OF THE 9TH
Athens Assassins batting - Pitching for State College Spikes : RHP Javier Molina
Pitching: RHP Manuel Montoya
Batting: RHB Don Martin 0-0: Ball
1-0: Foul Ball, location: 2F
1-1: Fly out, F9 (Flyball, 89M)
Batting: RHB Júlio Castillo 0-0: Ball
1-0: Foul Ball, location: 2F
1-1: Foul Ball, location: 2F
1-2: Strikes out swinging
Batting: LHB Jeff Thompson 0-0: Fly out, F8 (Flyball, 89D)
Bottom of the 9th over - 0 run(s), 0 hit(s), 0 error(s), 0 left on base; State College 3 - Athens 0
Thursday, March 30th, 2017 - OOTP Baseball 17.12 Build 75